 Dungeon Crawl Stone Soup version 0.27-a0-1136-g0b992a5a9d (webtiles) character file.

Game seed: 16283252887248114179

112 BiliBili the Digger (level 4, 0/24 HPs)
             Began as a Gargoyle Earth Elementalist on May 5, 2021.
             Killed by divine providence
             ... invoked by an orc priest
              (12 damage)
             ... on level 3 of the Dungeon.
             The game lasted 00:05:07 (2751 turns).

BiliBili the Digger (Gargoyle Earth Elementalist)   Turns: 2751, Time: 00:05:07

Health: 0/24       AC:  8    Str: 11    XL:     4   Next: 93%
Magic:  8/8        EV: 11    Int: 17    God:
Gold:   127        SH:  0    Dex: 10    Spells: 4/9 levels left

rFire    . . .     SeeInvis .   e - +1 short sword
rCold    . . .     Faith    .   i - +2 buckler {reflect}
rNeg     + . .     Spirit   .   c - +0 robe
rPois    ∞         Reflect  +   (no helmet)
rElec    +         Harm     .   l - +1 cloak
rCorr    .         Rampage  .   h - +0 pair of gloves
Will     .....                  (no boots)
Stlth    +.........             (no amulet)
HPRegen  0.08/turn              (no ring)
MPRegen  0.11/turn              (no ring)

@: confused
A: sickness immunity, AC +3, negative energy resistance 1, electricity
resistance, torment resistance 1, unbreathing 1, petrification resistance
a: no special abilities


You were on level 3 of the Dungeon.
You visited 1 branch of the dungeon, and saw 3 of its levels.

You collected 127 gold pieces.

Inventory:

Hand Weapons
 e - a +1 short sword (weapon)
 g - a +0 mace
Missiles
 b - 89 stones
Armour
 c - a +0 robe (worn)
 h - a +0 pair of gloves (worn)
 i - a +2 buckler of reflection (worn)
 l - a +1 cloak (worn)
Potions
 a - a potion of flight
 d - a potion of heal wounds
 j - a potion of curing {unknown}


   Skills:
 - Level 1.5 Dodging
 - Level 2.1 Stealth
 + Level 1.5 Shields
 + Level 3.1 Spellcasting
 + Level 1.5 Conjurations
 - Level 0.7 Transmutations
 + Level 4.8 Earth Magic


You had 4 spell levels left.
You knew the following spells:

 Your Spells              Type           Power      Damage    Failure   Level
a - Sandblast             Erth           38%        2d10      3%          1
b - Stone Arrow           Conj/Erth      26%        3d8       19%         3
c - Animate Skeleton      Necr           4%         N/A       24%         1

Your spell library contained the following spells:

 Spells                   Type           Power      Damage    Failure   Level
 Passwall                 Tmut/Erth      10%        N/A       12%         2
 Pain                     Necr           8%         1d4       24%         1
 Vampiric Draining        Necr           1%         2d6       56%         3
 Petrify                  Tmut/Erth      12%        N/A       58%         4
 Animate Dead             Necr           1%         N/A       93%         4
 Lee's Rapid Deconstruct  Erth           9%         3d8*      65%         5
 Agony                    Necr           2%         N/A       100%        5


Dungeon Overview and Level Annotations

Branches:
Dungeon (3/15)

Altars:
Ashenzari
Cheibriados
Gozag
Ru
Trog


Innate Abilities, Weirdness & Mutations

You are immune to sickness and miasma.
Your stone body is resilient. (AC +3)
You are immune to poison.
You resist negative energy. (rN+)
You are resistant to electric shocks. (rElec)
You are resistant to unholy torment.
You can survive without breathing.
You are immune to petrification.


Message History

You're too confused to cast spells.
Unknown command.
You're too confused to cast spells.
Unknown command.
You're too confused to cast spells.
Unknown command.
You're too confused to cast spells.
Unknown command.
Unknown command.
You're too confused to cast spells.
Unknown command.
It was a potion of ambrosia.
You are more confused.
You feel invigorated.
Unknown command.
You bump into the rock wall.
You barely miss something. Something hits you but does no damage.
You hit something but do no damage.
You feel less invigorated. Something hits you but does no damage.
You barely miss something.
Something hits you but does no damage. x2
You're too confused to move!
Something hits you.
You bump into the rock wall.
The orc priest looks braver for a moment.
Something hits you.
You bump into the rock wall.
Something hits you but does no damage.
Unknown command.
You completely miss something. Something hits you but does no damage.
Unknown command.
You completely miss something.
You feel less confused.
The orc priest calls down the wrath of Beogh upon you.
Beogh smites you!
You hear some strange, mumbled words.
You are confused.
Unknown command.
You miss something.
The orc priest calls down the wrath of Beogh upon you.
Beogh smites you!
Ouch! That really hurt!
You die... #..... ..... .... #. ... ##...>.## #.... oo#

#.#.. #)# #
#....##@##.###
##............#
##........##.#.#
#............#.#
.##.............#
...........####....
#.##.....#.# ###
#...._.....#
......._..## .


You could see an orc priest and an orc.

Vanquished Creatures
  4 adders (D:2)
  2 worms (D:2)
  A dart slug (D:1)
  2 orcs (D:3)
  6 bats
  7 endoplasms
  3 giant cockroaches
  4 goblins
  4 hobgoblins
  13 jackals
  2 kobolds
  A quokka (D:3)
  4 ball pythons
  A frilled lizard (D:1)
  5 rats
59 creatures vanquished.

Vanquished Creatures (others)
  A plant (D:2)
  5 withered plants (D:2)
6 creatures vanquished.

Grand Total: 65 creatures vanquished

Notes
Turn   | Place    | Note
-------+----------+-------------------------------------------
     0 | D:1      | BiliBili the Gargoyle Earth Elementalist began the quest
                  | for the Orb.
     0 | D:1      | Reached XP level 1. HP: 10/10 MP: 3/3
   194 | D:1      | Reached skill level 4 in Earth Magic
   194 | D:1      | Reached XP level 2. HP: 10/15 MP: 5/5
   601 | D:1      | Reached XP level 3. HP: 14/19 MP: 6/6
   603 | D:1      | Learned a level 1 spell: Animate Skeleton
   607 | D:1      | Learned a level 3 spell: Stone Arrow
  1535 | D:2      | Found a faded altar of an unknown god.
  1599 | D:2      | Reached skill level 1 in Shields
  1599 | D:2      | Reached skill level 1 in Conjurations
  1599 | D:2      | Reached XP level 4. HP: 24/24 MP: 3/8
  2669 | D:3      | Found a broken altar of Ashenzari.
  2671 | D:3      | Found a snail-covered altar of Cheibriados.
  2699 | D:3      | Found a sacrificial altar of Ru.
  2717 | D:3      | Found an opulent altar of Gozag.
  2718 | D:3      | Found a bloodstained altar of Trog.
  2751 | D:3      | Killed from afar by an orc priest

Illustrated notes

Levels and vault maps discovered:
D:1:      amcnicky_arrival_blooded_trapdoor, layout_basic
D:2:      layout_basic, shapermc_ecumenical_altar_flowoftime,
          chequers_serial_rivers_room_a
D:3:      layout_loops_cross, grunt_temple_overflow_open, grunt_ministairs_8,
          minmay_ruptured

Skill      XL: |  1  2  3  4 |
---------------+-------------+-----
Earth Magic    | 4 |  4.8
Shields        | 1 |  1.5
Conjurations   | 1 |  1.5
Spellcasting   | 3 |  3.1
Dodging        | |  1.5
Stealth        | |  2.1
Transmutations | |  0.7

Action                   |  1- 3 |  4- 6 || total
-------------------------+-------+-------++-------
Melee: Short sword       |   122 |    94 ||   216
 Cast: Sandblast         |    16 |    15 ||    31
  Use: Scroll            |     4 |     1 ||     5
       Potion            |       |     1 ||     1
 Stab: Sleeping          |     2 |     1 ||     3
Armor: Robe              |    54 |    31 ||    85
Dodge: Dodged            |    79 |    71 ||   150
Block: Buckler           |    22 |    21 ||    43

Table legend: (Time is in decaauts)
 A = Elapsed time spent in this place.
 B = Non-inter-level travel time spent in this place.
 C = Inter-level travel time spent in this place.
 D = Time resting spent in this place.
 E = Time spent auto-exploring this place.
 F = Levels seen in this place.
 G = Mean time per level.
                   A        B        C        D        E       F      G
               +--------+--------+--------+--------+--------+-----+--------+
         Total |   2784 |   2743 |     41 |    333 |   1807 |   3 |  928.0 |
       Dungeon |   2784 |   2743 |     41 |    333 |   1807 |   3 |  928.0 |
               +--------+--------+--------+--------+--------+-----+--------+

Top non-repeatable levels by time:
     D:1: 1254 daAuts
     D:2: 1159 daAuts
     D:3: 371 daAuts
